 Dungeon Crawl Stone Soup version 0.30.1-4-g462c640d31 (webtiles) character file.

Game seed: 16699176722480211888

81131 spardeous the Eclecticist (level 14, -9/88 (97) HPs)
             Began as a Demigod Conjurer on Sept 5, 2023.
             Killed by divine providence
             ... invoked by a smoke demon
              (16 damage)
             ... on level 7 of the Abyss.
             The game lasted 01:14:28 (29921 turns).

spardeous the Eclecticist (Demigod Conjurer)       Turns: 29921, Time: 01:14:29

HP:   -9/88 (97)    AC: 28    Str: 16    XL:     14   Next: 85%
MP:   33/48         EV: 10    Int: 28    God:
Gold: 1547          SH:  5    Dex: 14    Spells: 15/44 levels left

rFire   + + .        K - staff of earth
rCold   + + .        C - +2 buckler {AC+3}
rNeg    + . .        H - quicksilver dragon scales
rPois   +            a - +4 helmet of Blue Skies {rF+ Slay+3}
rElec   +            v - +2 cloak of the Forging Gods {rF+ rN+}
rCorr   +            Y - +2 pair of gloves {hurl}
SInv    .            (no boots)
Will    ++...        z - amulet of magic regeneration
Stlth   +            U - ring of magical power
HPRegen 0.34/turn    x - ring "Nuatidi" {Ice rElec Dex+2 Slay+5}
MPRegen 0.71/turn

%: no passive effects
@: resistant, studying Ranged Weapons, drained
A: high MP 1, forlorn, divine attributes, [frail 1]
a: no special abilities


You were on level 7 of the Abyss.
You visited 2 branches of the dungeon, and saw 18 of its levels.
You visited the Abyss 1 time.
You also visited: Ossuary, Gauntlet and Ice Cave.

You collected 1573 gold pieces.
You spent 26 gold pieces at shops.

Inventory:

Hand Weapons
 f - the +5 falchion "Lacertilianslayer" {heavy, +Blink Fly Dex-5 Stlth+}
   (You found it on level 5 of the Lair of Beasts)

   Dex:       It affects your dexterity (-5).
   Fly:       It grants you flight.
   +Blink:    It lets you blink.
   Stlth:     It makes you more stealthy.
 M - the +4 battleaxe of an ice cave {drain, Dex+3}
   (You took it off a skeletal warrior on level 10 of the Dungeon)

   Dex:       It affects your dexterity (+3).
 N - a +0 hand crossbow
 W - a +7 broad axe of flaming
Armour
 a - the +4 helmet of Blue Skies (worn) {rF+ Slay+3}
   (You found it on level 10 of the Dungeon)

   Slay:      It affects your accuracy & damage with ranged weapons and melee
   (+3).
   rF:        It protects you from fire.
 d - a +0 buckler of cold resistance
 q - +0 pearl dragon scales
 v - the +2 cloak of the Forging Gods (worn) {rF+ rN+}
   (You found it in a Gauntlet)

   rF:        It protects you from fire.
   rN:        It protects you from negative energy.
 C - a +2 buckler of protection (worn)
 H - quicksilver dragon scales (worn)
 V - a +1 tower shield of protection
 Y - a +2 pair of gloves of hurling (worn)
Magical Staves
 r - a staff of fire
 K - a staff of earth (weapon)
Jewellery
 n - a +4 ring of protection
 x - the ring "Nuatidi" (right hand) {Ice rElec Dex+2 Slay+5}
   (You took it off a minotaur in a Gauntlet)

   [ring of ice]

   It enhances your ice magic.
   Dex:       It affects your dexterity (+2).
   Slay:      It affects your accuracy & damage with ranged weapons and melee
   (+5).
   rF:        It makes you vulnerable to fire.
   rC:        It protects you from cold.
   rElec:     It insulates you from electricity.
 z - an amulet of magic regeneration (around neck)
 A - a ring of resist corrosion
 U - a ring of magical power (left hand)
Wands
 g - a wand of acid (7)
 w - a wand of flame (26)
 I - a wand of charming (7)
 L - a wand of iceblast (25)
 Q - a wand of digging (6)
 R - a wand of polymorph (7)
Scrolls
 h - 5 scrolls of magic mapping
 k - 4 scrolls of immolation
 p - 8 scrolls of enchant armour
 s - 3 scrolls of fear
 u - 2 scrolls of poison
 y - 3 scrolls of amnesia
 B - 2 scrolls of fog
 G - 4 scrolls of enchant weapon
 P - a scroll of silence
 T - a scroll of blinking
Potions
 c - 8 potions of curing
 e - 5 potions of attraction
 j - 3 potions of ambrosia
 l - a potion of invisibility
 m - 5 potions of might
 o - 4 potions of mutation
 t - 5 potions of lignification {unknown}
 D - 3 potions of brilliance
 E - 6 potions of cancellation {unknown}
 J - 6 potions of heal wounds {unknown}
 O - 2 potions of resistance
 S - a potion of berserk rage
 Z - 2 potions of haste
Miscellaneous
 F - a phial of floods
 X - a condenser vane


   Skills:
 - Level 5.6 Fighting
 - Level 9.2 Armour
 - Level 1.7 Dodging
 - Level 1.7 Stealth
 + Level 15.7 Spellcasting
 - Level 12.0 Conjurations
 - Level 10.1 Translocations
 - Level 3.3 Earth Magic


You had 15 spell levels left.
You knew the following spells:

 Your Spells              Type           Power      Damage    Failure   Level
a - Magic Dart            Conj           100%       1d8       1%          1
b - Searing Ray           Conj           100%       2d8       1%          2
c - Iskenderun's Mystic   Conj/Tloc      71%        2d14      1%          4
d - Stone Arrow           Conj/Erth      100%       3d13      1%          3
e - Fulminant Prism       Conj/Hex       27%        3d14      4%          4
f - Swiftness             Air            22%        N/A       16%         3
g - Passwall              Tmut/Erth      38%        N/A       3%          2
h - Apportation           Tloc           100%       N/A       1%          1
q - Shatter               Erth           28%        3d24*     100%        9

Your spell library contained the following spells:

 Spells                   Type           Power      Damage    Failure   Level
 Sandblast                Erth           100%       2d20      1%          1
 Shock                    Conj/Air       100%       1d9       1%          1
 Blink                    Tloc           100%       N/A       1%          2
 Lesser Beckoning         Tloc           100%       N/A       1%          2
 Momentum Strike          Conj/Tloc      100%       3d10      1%          2
 Dazzling Flash           Conj/Hex       100%       N/A       1%          3
 Gell's Gravitas          Tloc           68%        N/A       1%          3
 Teleport Other           Tloc           68%        N/A       1%          3
 Mephitic Cloud           Conj/Pois/Air  44%        N/A       3%          3
 Call Imp                 Summ           44%        N/A       8%          2
 Dispersal                Tloc           34%        N/A       12%         6
 Frozen Ramparts          Ice            66%        1d10      16%         3
 Ignite Poison            Fire/Tmut/Pois 22%        N/A       16%         3
 Vampiric Draining        Necr           22%        2d7       16%         3
 Airstrike                Air            11%        2d(2-18)  45%         4
 Cause Fear               Hex            11%        N/A       45%         4
 Ice Form                 Ice/Tmut       33%        N/A       45%         4
 Summon Ice Beast         Ice/Summ       33%        N/A       45%         4
 Agony                    Necr           22%        N/A       80%         5
 Alistair's Intoxication  Tmut/Pois      14%        N/A       80%         5
 Silence                  Hex/Air        11%        N/A       80%         5
 Simulacrum               Ice/Necr       16%        N/A       100%        6
 Dragon Form              Tmut           11%        N/A       100%        7
 Dragon's Call            Summ           11%        N/A       100%        9


Dungeon Overview and Level Annotations

Branches:
Dungeon (13/15)            Temple (0/1) D:4            Lair (5/5) D:10
 Shoals (0/4) Lair:2        Snake (0/4) Lair:3        Slime (0/5) Lair:4
    Orc (0/2) D:12        Ossuary (visited)           IceCv (visited)
Gauntlet (visited)
 Vaults: D:13-14

Shops:
D:3 ?   D:8 !   D:9 *   D:13 (

Annotations:
D:13 Erolcha


Innate Abilities, Weirdness & Mutations

You have an increased reservoir of magic. (+10% MP)
You shall have no god before yourself.
Your divine heritage dramatically boosts your attributes as you level up.
[You are frail. (-10% HP)]


Message History

A starcursed mass splits.
A smoke demon comes into view.
A starcursed mass splits. x2
You feel better.
The thrashing horror tramples you but does no damage.
The thrashing horror barely misses you.
The thrashing horror tramples you but does no damage. x3
You block the thrashing horror's attack.
The thrashing horror tramples you but does no damage.
You block the thrashing horror's attack.
A starcursed mass splits.
The smoke demon gestures at you. Something smites you!
* * * LOW HITPOINT WARNING * * *
You feel protected.
You are suddenly pulled into a different region of the Abyss!
The abyss shimmers again as the detected abyssal rune vanishes from your memory and reappears.
A starcursed mass splits.
A starcursed mass comes into view.
A thrashing horror comes into view.
The thrashing horror moves out of view.
The thrashing horror roars!
You hear a shout!
The thrashing horror barely misses you.
The thrashing horror tramples you but does no damage.
The thrashing horror attacks as you move away!
The thrashing horror tramples you but does no damage.
You block the thrashing horror's attack.
The thrashing horror tramples you but does no damage. x2
The thrashing horror attacks as you move away!
The thrashing horror barely misses you. x2
A smoke demon and a large abomination come into view.
The smoke demon roars!
The thrashing horror tramples you!
* * * LOW HITPOINT WARNING * * *
You stumble backwards!
The thrashing horror tramples you.
* * * LOW HITPOINT WARNING * * *
You stumble backwards!
The smoke demon gestures at you. Something smites you!
You die...

# #. . ## ... .##
.#.# .#.. #
..#...##3.# #.#
..#..#... ...
##...#....... ...
.........#.#
##... ...#..@...#
.#.. #..X...X.###
..#
#..###.##.#.##..#
. #.# ##..#...#
#.# #..##..# #.#
##.##.#.# ...
###.#.#.# ##
#..##### #.##


You could see a thrashing horror, a large abomination and a smoke demon.

Vanquished Creatures
  2 tentacled starspawn (Abyss:7)
  Frances (D:12)
  2 azure jellies (Lair:4)
  A reaper (IceCv)
  A minotaur (Gauntlet)
  A bunyip (Abyss:5)
  2 dire elephants (Lair:1)
  A green death (Gauntlet)
  An entropy weaver (Abyss:5)
  A fire dragon (Lair:5)
  3 hydras
  An ogre mage (D:10)
  The ghost of growler the Stormcaller, a journeyman TeAE of Hepliaklqana (Lair:1)
  An alligator (Lair:1)
  2 catoblepae
  3 two-headed ogres (D:9)
  The ghost of SleebyBuny the Cleaver, a novice MiBe of Trog (D:9)
  2 centaur warriors (D:13)
  4 boulder beetles
  4 death yaks (Lair:4)
  A tengu warrior (D:9)
  The ghost of Shake04 the Slicer, a journeyman VSFi of Dithmenos (D:10)
  5 thrashing horrors
  Urug (Lair:3)
  4 skeletal warriors
  A skyshark (Lair:3)
  A fire crab (Lair:1)
  2 sixfirhies
  A wretched star (Abyss:7)
  A swamp dragon (Abyss:5)
  A deep elf pyromancer (D:13)
  Pikel (D:6)
  A lindwurm (Lair:5)
  3 harpies (Lair:2)
  A shining eye (Gauntlet)
  An ugly thing (D:12)
  2 cyclopes
  2 large abominations (Abyss:7)
  A will-o-the-wisp (Abyss:7)
  8 elephants
  2 manticores (D:11)
  A guardian serpent (Abyss:5)
  10 black mambas
  An ice statue (IceCv)
  Maurice (D:8)
  2 molten gargoyles (Lair:5)
  An orange demon (Gauntlet)
  3 gargoyles
  11 cane toads
  A torpor snail (Lair:5)
  4 rime drakes
  3 unseen horrors
  10 komodo dragons
  Maggie (D:9)
  Psyche (D:10)
  An unseen horror zombie (D:8)
  An ice devil (IceCv)
  An anaconda simulacrum (IceCv)
  A hellwing (Abyss:3)
  An ancient zyme (Abyss:7)
  3 trolls
  4 polar bears
  A hornet (Lair:1)
  9 dream sheep
  7 blink frogs
  3 raiju (Abyss:5)
  3 shadows
  8 slime creatures (D:12)
  3 wraiths
  2 wyverns (Lair:5)
  3 dire elephant simulacra (IceCv)
  29 yaks
  Eustachio (D:6)
  Grum (D:9)
  7 basilisks
  3 steam dragons
  Menkaure (D:6)
  2 nagas (Lair:3)
  Edmund (D:6)
  A warg (D:12)
  4 hell hounds (Lair:5)
  9 water moccasins
  Duvessa (D:7)
  4 orc warriors
  A floating eye (Gauntlet)
  7 ice beasts
  A sky beast (D:7)
  4 black bears
  3 ogres
  A small abomination (Abyss:3)
  A phantom (D:6)
  12 centaurs
  18 wolves
  3 lemures (D:6)
  2 kobold brigands (D:10)
  Blork the orc (D:4)
  2 gnoll sergeants
  5 cane toad simulacra (IceCv)
  7 two-headed ogre simulacra (IceCv)
  7 bullfrogs
  2 scorpions
  3 water moccasin zombies (Ossuary)
  Dowan (D:7)
  5 elephant simulacra (IceCv)
  7 howler monkeys
  2 electric eels (Lair:1)
  6 lava snakes
  A jelly (D:5)
  10 orc priests
  A hound (D:4)
  A sleepcap (D:5)
  5 iguanas
  12 orc wizards
  5 troll simulacra (IceCv)
  2 polar bear simulacra (IceCv)
  7 hell rats (Lair:4)
  8 spriggan simulacra (IceCv)
  A wolf simulacrum (IceCv)
  A killer bee zombie (D:8)
  2 mummies (Ossuary)
  10 gnolls
  4 naga simulacra (IceCv)
  6 adders
  A shadow imp (D:6)
  3 white imps
  10 ufetubi
  4 adder zombies (Ossuary)
  8 dart slugs
  48 orcs
  7 ball pythons
  4 endoplasms
  3 giant cockroaches
  6 goblins
  10 hobgoblins
  3 quokkas
  8 bats
  6 frilled lizards
  3 gnoll zombies (Ossuary)
  11 hobgoblin zombies (Ossuary)
  7 kobolds
  2 kobold zombies (Ossuary)
  6 orc zombies (Ossuary)
  7 rats
  A starspawn tentacle (Abyss:7)
576 creatures vanquished.

Vanquished Creatures (others)
  An orc wizard (D:13)
  4 foxfires (Abyss:7)
  12 fulminant prisms
  12 starspawn tentacles (Abyss:7)
29 creatures vanquished.

Grand Total: 605 creatures vanquished

Notes
Turn   | Place    | Note
-------+----------+-------------------------------------------
     0 | D:1      | spardeous the Demigod Conjurer began the quest for the Orb.
     0 | D:1      | Reached XP level 1. HP: 14/14 MP: 5/5
   387 | D:1      | Reached skill level 2 in Spellcasting
   511 | D:1      | Reached XP level 2. HP: 20/20 MP: 3/7
  1147 | D:1      | Reached XP level 3. HP: 26/26 MP: 1/9
  1438 | D:2      | Learned a level 2 spell: Searing Ray
  2890 | D:3      | Reached skill level 3 in Spellcasting
  2890 | D:3      | Reached XP level 4. HP: 33/33 MP: 9/11
  2968 | D:3      | Found The Oracle's Delphic Readings.
  2972 | D:3      | Bought a scroll of identify for 26 gold pieces
  3169 | D:4      | Learned a level 4 spell: Iskenderun's Mystic Blast
  3199 | D:4      | Noticed an ogre
  3214 | D:4      | Killed an ogre
  3215 | D:4      | Reached skill level 5 in Conjurations
  3215 | D:4      | Reached XP level 5. HP: 38/38 MP: 6/13
  3548 | D:4      | Found a staircase to the Ecumenical Temple.
  3668 | D:4      | You fall into a shaft and drop 3 floors!
  3833 | D:7      | Noticed a black bear
  3841 | D:7      | Killed a black bear
  3842 | D:7      | Reached skill level 4 in Spellcasting
  3842 | D:7      | Reached XP level 6. HP: 42/45 MP: 6/15
  4200 | D:7      | Noticed a water moccasin
  4205 | D:7      | Killed a water moccasin
  4206 | D:7      | Reached skill level 5 in Spellcasting
  4206 | D:7      | Reached XP level 7. HP: 36/50 MP: 9/18
  4360 | D:6      | Noticed Pikel
  4609 | D:7      | Noticed a steam dragon
  4626 | D:7      | Killed a steam dragon
  4836 | D:7      | Noticed Dowan
  4836 | D:7      | Noticed Duvessa
  5029 | D:6      | Noticed Eustachio
  5036 | D:6      | Killed Eustachio
  5037 | D:6      | Reached skill level 6 in Spellcasting
  5037 | D:6      | Reached XP level 8. HP: 57/57 MP: 14/20
  5221 | D:6      | Noticed Edmund
  5236 | D:6      | Killed Edmund
  5447 | D:6      | Killed Pikel
  5448 | D:6      | Reached skill level 7 in Spellcasting
  5657 | D:6      | Noticed Menkaure
  5666 | D:6      | Killed Menkaure
  5667 | D:6      | Reached skill level 1 in Translocations
  5672 | D:6      | Learned a level 3 spell: Stone Arrow
  5677 | D:6      | Learned a level 4 spell: Fulminant Prism
  5681 | D:6      | Learned a level 3 spell: Swiftness
  5684 | D:6      | Learned a level 2 spell: Passwall
  6623 | D:5      | Entered Level 5 of the Dungeon
  6648 | D:5      | Found a sand-covered staircase.
  6696 | D:5      | Reached XP level 9. HP: 42/62 MP: 11/23
  6741 | Ossuary  | Entered an ossuary
  7247 | D:5      | Reached skill level 5 in Translocations
  8661 | D:4      | Noticed Blork the orc
  8666 | D:4      | Killed Blork the orc
  9054 | D:4      | Found a staircase to the Ecumenical Temple.
  9583 | D:7      | Killed Dowan
  9585 | D:7      | Killed Duvessa
 10180 | D:8      | Found Feckit's Distillery.
 10373 | D:8      | Noticed Maurice
 10387 | D:8      | Killed Maurice
 10388 | D:8      | Reached skill level 8 in Spellcasting
 10423 | D:8      | Found a large runed translucent door.
 10424 | D:8      | Found a large runed translucent door.
 11368 | D:9      | Noticed a two-headed ogre
 11375 | D:9      | Killed a two-headed ogre
 11376 | D:9      | Reached XP level 10. HP: 69/69 MP: 17/26
 11398 | D:9      | Noticed Maggie
 11408 | D:9      | Killed Maggie
 11409 | D:9      | Reached skill level 10 in Conjurations
 11484 | D:9      | Reached skill level 9 in Spellcasting
 11680 | D:9      | Found a runed translucent gate.
 11680 | D:9      | Found a runed translucent gate.
 11680 | D:9      | Found a runed translucent gate.
 11680 | D:9      | Noticed SleebyBuny's ghost (novice MiBe)
 11934 | D:9      | Noticed a two-headed ogre
 11936 | D:9      | Killed a two-headed ogre
 12014 | D:9      | Noticed a two-headed ogre
 12026 | D:9      | Killed a two-headed ogre
 12166 | D:9      | Found Fouc's Assorted Antiques.
 12345 | D:9      | Reached skill level 10 in Spellcasting
 12489 | D:9      | Noticed Grum
 12496 | D:9      | Killed Grum
 12658 | D:10     | Entered Level 10 of the Dungeon
 12663 | D:10     | Reached XP level 11. HP: 74/74 MP: 29/29
 12696 | D:10     | Noticed a tengu warrior
 12781 | D:9      | Killed a tengu warrior
 12983 | D:10     | Reached skill level 11 in Spellcasting
 13075 | D:10     | Identified the +4 battleaxe of an ice cave {drain, Dex+3}
 13075 | D:10     | Noticed a skeletal warrior
 13083 | D:10     | Killed a skeletal warrior
 13148 | D:10     | Found a staircase to the Lair.
 13214 | D:10     | Noticed an ogre mage
 13215 | D:10     | Found a transporter.
 13217 | D:10     | Found a transporter.
 13217 | D:10     | Noticed Shake04's ghost (journeyman VSFi)
 13395 | D:10     | Identified the +4 helmet of Blue Skies {rF+ Slay+3}
 13485 | D:10     | Noticed Psyche
 13487 | D:10     | Killed Psyche
 14357 | D:11     | Reached skill level 12 in Spellcasting
 14554 | D:11     | Reached skill level 1 in Fighting
 15150 | D:12     | Noticed a boulder beetle
 15176 | D:12     | Killed a boulder beetle
 15227 | D:12     | Reached skill level 1 in Armour
 15271 | D:12     | Noticed Frances
 15292 | D:12     | Killed Frances
 15293 | D:12     | Reached XP level 12. HP: 44/89 MP: 2/32
 15391 | D:12     | Found a frozen archway.
 15406 | IceCv    | Entered an ice cave
 16248 | IceCv    | Noticed a reaper
 16269 | IceCv    | Killed a reaper
 16698 | D:12     | Found a staircase to the Orcish Mines.
 18099 | D:12     | Found a staircase to the Orcish Mines.
 18624 | D:10     | Killed an ogre mage
 18627 | D:10     | Killed Shake04's ghost
 18892 | D:9      | Killed SleebyBuny's ghost
 20277 | Lair:1   | Entered Level 1 of the Lair of Beasts
 20522 | Lair:1   | Noticed a boulder beetle
 20526 | Lair:1   | Killed a boulder beetle
 20642 | Lair:1   | Reached skill level 10 in Translocations
 20660 | Lair:1   | Found a runed translucent door.
 20721 | Lair:1   | Noticed a dire elephant
 20725 | Lair:1   | Noticed a dire elephant
 20738 | Lair:1   | Reached skill level 1 in Earth Magic
 21033 | Lair:1   | Killed a dire elephant
 21111 | Lair:1   | Killed a dire elephant
 21597 | Lair:1   | Reached XP level 13. HP: 77/96 MP: 25/33
 21707 | Lair:1   | Reached skill level 5 in Fighting
 21928 | Lair:1   | Noticed growler's ghost (journeyman TeAE)
 22042 | Lair:1   | Killed growler's ghost
 22289 | Lair:2   | Found a staircase to the Shoals.
 22297 | Lair:2   | Reached skill level 5 in Armour
 22984 | Lair:2   | Found a staircase to the Shoals.
 23748 | Lair:3   | Found a staircase to the Snake Pit.
 24016 | Lair:3   | Noticed Urug
 24037 | Lair:3   | Killed Urug
 24339 | Lair:3   | Got the Parchment of the Mesa
 24784 | Lair:4   | Found a gate leading to a gauntlet.
 24930 | Gauntlet | Entered a Gauntlet
 24930 | Gauntlet | Found a transporter.
 24940 | Gauntlet | Found a transporter.
 24955 | Gauntlet | Found a transporter.
 24960 | Gauntlet | Found a transporter.
 24977 | Gauntlet | Found a transporter.
 24995 | Gauntlet | Found a transporter.
 25003 | Gauntlet | Found a large runed translucent door.
 25004 | Gauntlet | Found a large runed translucent door.
 25005 | Gauntlet | Found a large runed translucent door.
 25005 | Gauntlet | Found a large runed translucent door.
 25006 | Gauntlet | Found a runed translucent gate.
 25007 | Gauntlet | Found a transporter.
 25007 | Gauntlet | Found a runed translucent gate.
 25008 | Gauntlet | Found a runed translucent gate.
 25009 | Gauntlet | Found a large runed translucent door.
 25009 | Gauntlet | Found a large runed translucent door.
 25010 | Gauntlet | Found a large runed translucent door.
 25011 | Gauntlet | Found a large runed translucent door.
 25019 | Gauntlet | Found a transporter.
 25022 | Gauntlet | Noticed a reaper
 25031 | Gauntlet | Found a transporter.
 25043 | Gauntlet | Found a transporter.
 25060 | Gauntlet | Found a transporter.
 25078 | Gauntlet | Found a transporter.
 25080 | Gauntlet | Found a transporter.
 25105 | Gauntlet | Found a transporter.
 25107 | Gauntlet | Found a transporter.
 25127 | Gauntlet | Found a transporter.
 25201 | Gauntlet | Found a large runed translucent door.
 25201 | Gauntlet | Found a large runed translucent door.
 25201 | Gauntlet | Found a runed translucent door.
 25201 | Gauntlet | Found a runed translucent door.
 25202 | Gauntlet | Found a large runed translucent door.
 25203 | Gauntlet | Found a large runed translucent door.
 25205 | Gauntlet | Found a transporter.
 25221 | Gauntlet | Found a large runed translucent door.
 25221 | Gauntlet | Found a large runed translucent door.
 25222 | Gauntlet | Found a large runed translucent door.
 25223 | Gauntlet | Found a large runed translucent door.
 25225 | Gauntlet | Found a transporter.
 25443 | Gauntlet | Identified the amulet "Huelazoss" {Spirit Rampage +Blink
                  | Slay+2}
 25488 | Gauntlet | Learned a level 9 spell: Shatter
 25520 | Gauntlet | Identified the +2 cloak of the Forging Gods {rF+ rN+}
 25566 | Gauntlet | Identified the ring "Nuatidi" {Ice rElec Dex+2 Slay+5}
 25566 | Gauntlet | Noticed a minotaur
 25579 | Gauntlet | Killed a minotaur
 25594 | Gauntlet | Got the Tome of Contaminated Ectoplasm
 26481 | Lair:4   | Found a runed translucent door.
 26484 | Lair:4   | Noticed an azure jelly
 26485 | Lair:4   | Found a staircase to the Slime Pits.
 26485 | Lair:4   | Noticed an azure jelly
 26848 | Lair:4   | Killed an azure jelly
 26849 | Lair:4   | Killed an azure jelly
 26897 | Lair:5   | Entered Level 5 of the Lair of Beasts
 26909 | Lair:5   | Reached XP level 14. HP: 101/108 MP: 33/36
 26913 | Lair:5   | Reached skill level 13 in Spellcasting
 27530 | Lair:5   | Found a large runed translucent door.
 27531 | Lair:5   | Found a large runed translucent door.
 27543 | Lair:5   | Reached skill level 14 in Spellcasting
 28574 | Lair:5   | Identified the +5 falchion "Lacertilianslayer" {heavy,
                  | +Blink Fly Dex-5 Stlth+}
 28955 | D:13     | Found Fes Ulai's Weapon Shoppe.
 29423 | D:13     | Noticed Erolcha
 29424 | Abyss:2  | Cast into level 2 of the Abyss (Erolcha)
 29476 | Abyss:2  | Reached skill level 15 in Spellcasting
 29595 | Abyss:4  | Learned a level 1 spell: Apportation
 29681 | Abyss:5  | Noticed a tentacled starspawn
 29784 | Abyss:6  | Noticed a tentacled starspawn
 29784 | Abyss:6  | Noticed a tentacled starspawn
 29788 | Abyss:7  | Entered Level 7 of the Abyss
 29789 | Abyss:7  | Noticed a tentacled starspawn
 29794 | Abyss:7  | Noticed a profane servitor
 29795 | Abyss:7  | Noticed a tentacled starspawn
 29839 | Abyss:7  | Noticed a tentacled starspawn
 29870 | Abyss:7  | Killed a tentacled starspawn
 29881 | Abyss:7  | Noticed a tentacled starspawn
 29887 | Abyss:7  | Killed a tentacled starspawn
 29893 | Abyss:7  | Noticed a profane servitor
 29900 | Abyss:7  | Noticed a daeva
 29908 | Abyss:7  | Noticed a lich
 29908 | Abyss:7  | Paralysed by accursed screaming for 1 turns
 29913 | Abyss:7  | Noticed a shadow dragon
 29921 | Abyss:7  | Killed from afar by a smoke demon

Illustrated notes

Levels and vault maps discovered:
D:1:      ldierk_walled_garden_2, layout_basic, basic_ecumenical_altar,
          minmay_misc_feat_square, minmay_pentomino_r2
D:2:      layout_loops_cross, moated_statue
D:3:      layout_loops_ring, nicolae_nh_oracle_at_delphi
D:4:      layout_loops_ring, minmay_temple_entry_wispy,
          amcnicky_mini_corridor_feature, st_stairs_3, minmay_ruined_shrine,
          uniq_blork_the_orc
D:5:      layout_loops_ring, nicolae_dithmenos_the_darkroom,
          nicolae_ossuary_entry_false_entrances
D:6:      layout_loops_ring, uniq_pikel, uniq_eustachio, uniq_menkaure,
          uniq_edmund
D:7:      layout_loops_cross, mainiacjoe_overflow_boulevard,
          hangedman_decor_peaks_small, uniq_duvessa
D:8:      layout_layer_cave, lemuel_zombie_altar_yredelemnul,
          jmf_multi_god_temple2, serial_shops, nicolae_shop_industrial_runoff,
          uniq_maurice
D:9:      layout_grid_maze, lemuel_crystal_altar,
          nicolae_overflow_crystal_walls, serial_shops, shop,
          ebering_ghost_rock_garden, minmay_strange_pillars, abandoned_shop,
          uniq_grum, uniq_maggie
D:10:     layout_rooms, hellmonk_lair_entry_icy, gammafunk_ghost_arena,
          roderic_lattice_a, minmay_mirror_moons_of_madness, uniq_psyche
D:11:     layout_basic
D:12:     layout_layer_cave, david_orc_3, portal_ice_cave_entry_pillars_1,
          uniq_frances
D:13:     layout_cave_pools, serial_shops, shop, nicolae_shop_mannequins,
          nicolae_shop_stone, nicolae_shop_waterfront,
          cheibrodos_ashenzari_chains, uniq_erolcha
Lair:1:   layout_gridlike, ebering_ghost_reflecting_pool,
          nicolae_lair_lakeside_cave
Lair:2:   layout_loops_ring, nicolae_shoals_entry_roost
Lair:3:   layout_cave_pods, guppyfry_snake_entry_island, grunt_megastairs_1,
          uniq_urug
Lair:4:   layout_cave_pods, slime_entry_2, gauntlet_entry_generic
Lair:5:   cheibrodos_lair_end_hotspot, layout_gridlike
Abyss:7:  base: D:6, spicy_abyss_planar_alliance, minivault_24,
          evilmike_nicolae_abyss_rune_containment_curve, evilmike_abyss_exit_9,
          evilmike_abyss_exit_plants,
          dshaligram_kb_abyss_rune_zappy_water_cross, evilmike_abyss_exit_3,
          hangedman_elemental_corridor, spicy_pingpong_abyss_rune,
          guppyfry_abyss_exit_imp_island, minivault_24,
          grunt_abyss_rune_wretched_hive, abyss_exit_lava,
          grunt_abyss_rune_forest_and_sorcery, evilmike_abyss_exit_10,
          evilmike_nicolae_abyss_rune_betentacled_crabyss

Skill      XL: |  1  2  3  4  5  6  7  8  9 10 11 12 13 14 |
---------------+-------------------------------------------+-----
Spellcasting   | 2 3 4 5 6 7 8 10 12 15 | 15.7
Conjurations   | 4 5 6 7 8 9 11 12 | 12.0
Translocations | 3 5 10 | 10.1
Fighting       | 3 4 5 |  5.6
Armour         | 3 9 |  9.2
Earth Magic    | 3 |  3.3
Dodging        | |  1.7
Stealth        | |  1.7

Action                     |  1- 3 |  4- 6 |  7- 9 | 10-12 | 13-15 || total
---------------------------+-------+-------+-------+-------+-------++-------
  Melee: Staff             |       |       |    42 |    23 |    36 ||   101
   Cast: Magic Dart        |   114 |    39 |     6 |       |       ||   159
         Searing Ray       |       |    20 |    68 |     4 |       ||    92
         Iskenderun's Myst |       |       |    42 |   268 |   327 ||   637
         Stone Arrow       |       |       |     7 |    74 |    95 ||   176
         Fulminant Prism   |       |       |       |     6 |     6 ||    12
    Use: Scroll            |       |     4 |     6 |    10 |    14 ||    34
         Potion            |       |       |       |       |     7 ||     7
   Stab: Sleeping          |       |       |     1 |       |       ||     1
 Armour: Robe              |     1 |       |       |       |       ||     1
         Leather armour    |     4 |    14 |     2 |       |       ||    20
         Steam dragon scal |       |       |    65 |     1 |       ||    66
         Acid dragon scale |       |       |       |    93 |    29 ||   122
         Quicksilver drago |       |       |       |       |   174 ||   174
  Dodge: Dodged            |     8 |    27 |    59 |    82 |   114 ||   290
  Block: Buckler           |       |       |    37 |    35 |    66 ||   138
